 Dungeon Crawl Stone Soup version 0.31.0 (webtiles) character file.

Game seed: 1666556633118865040

2433 Colgate the Zephyrmancer (level 9, -4/57 HPs)
             Began as a Vampire Air Elementalist on Jan 19, 2024.
             Was a Believer of Sif Muna.
             Slain by a hornet (9 damage)
             ... on level 8 of the Dungeon.
             The game lasted 00:33:59 (12014 turns).

Colgate the Zephyrmancer (VpAE)                    Turns: 12014, Time: 00:33:59

Health: -4/57      AC:  9    Str:  7    XL:     9   Next: 24%
Magic:  9/15       EV: 13    Int: 21    God:    Sif Muna [**....]
Gold:   379        SH:  0    Dex: 21    Spells: 8/16 levels left

rFire   . . .        I - +0 orcbow (chaos)
rCold   + . .        (shield currently unavailable)
rNeg    . . .        D - +0 steam dragon scales
rPois   .            u - +1 helmet
rElec   .            (no cloak)
rCorr   .            (no gloves)
SInv    +            t - +1 pair of boots of Utezxing {Dex+6}
Will    .....        (no amulet)
Stlth   +++          f - ring of flight
HPRegen 0.49/turn    G - ring of protection from cold
MPRegen 0.14/turn

%: no passive effects
@: flying, healing quickly, slowed, very slow
A: alive, fangs 3, see invisible, vampiric 2
a: Exsanguinate, Renounce Religion, Channel Magic


You were on level 8 of the Dungeon.
You worshipped Sif Muna.
Sif Muna was pleased with you.
You visited 2 branches of the dungeon, and saw 9 of its levels.

You collected 379 gold pieces.

Inventory:

Hand Weapons
 a - a +2 glaive of pain
 j - a +0 flail
 v - a +0 halberd
 I - a +0 orcbow of chaos (weapon)
Missiles
 n - 27 poisoned darts
 x - 6 boomerangs
 F - 3 throwing nets {!f}
Armour
 e - the +1 ring mail of Starshine {Harm rC++ rCorr Str-4}
   (You took it off a goblin on level 2 of the Dungeon)

   Str-4:     It affects your strength (-4).
   rC++:      It greatly protects you from cold.
   rCorr:     It protects you from acid and corrosion.
   Harm:      It increases damage dealt and taken.
 t - the +1 pair of boots of Utezxing (worn) {Dex+6}
   (You found it on level 4 of the Dungeon)

   Dex+6:     It affects your dexterity (+6).
 u - a +1 helmet (worn)
 w - the +0 plate armour "Turuh" {Int+2}
   (You found it on level 5 of the Dungeon)

   Int+2:     It affects your intelligence (+2).
 D - +0 steam dragon scales (worn)
Magical Staves
 s - a staff of alchemy
Jewellery
 f - a ring of flight (left hand)
 G - a ring of protection from cold (right hand)
Wands
 k - a wand of roots (1) {@v2}
 B - a wand of paralysis (9)
Scrolls
 p - a scroll of immolation
 A - a scroll of noise {unknown}
 H - a scroll of identify {@r1}
Potions
 b - a potion of magic
 c - 8 potions of curing {@q1}
 g - a potion of haste {unknown}
 h - 2 potions of lignification
 i - 4 potions of enlightenment
 q - 3 potions of attraction
 r - a potion of cancellation {unknown}
 C - 3 potions of brilliance {unknown}
 E - a potion of mutation {unknown}


   Skills:
 - Level 2.1 Dodging
 - Level 3.0 Stealth
 - Level 4.4 Spellcasting
 - Level 0.6 Conjurations
 - Level 10.5 Air Magic
 + Level 5.3 Invocations


You had 8 spell levels left.
You knew the following spells:

 Your Spells              Type           Power      Damage    Failure   Level
a - Shock                 Conj/Air       100%       1d9       1%          1
b - Airstrike             Air            24%        2d(4-20)  1%          4
c - Swiftness             Air            48%        N/A       1%          3

Your spell library contained the following spells:

 Spells                   Type           Power      Damage    Failure   Level
 Static Discharge         Conj/Air       54%        3-6/arc   1%          2
 Vhi's Electric Charge    Tloc/Air       52%        N/A       13%         4
 Arcjolt                  Conj/Air       13%        1d23      32%         5
 Maxwell's Capacitive Co  Air            24%        ∞         100%        8


Dungeon Overview and Level Annotations

Branches:
Dungeon (8/15)             Temple (1/1) D:7
   Lair: D:8-11

Altars:
Ashenzari
Cheibriados
Dithmenos
Fedhas
Gozag
Hepliaklqana
Kikubaaqudgha
Makhleb
Nemelex Xobeh
Okawaru
Qazlal
Ru
Sif Muna
Trog
Uskayaw
Wu Jian
Xom
Yredelemnul

Shops:
D:6 **

Annotations:
D:8 Gastronok, Prince Ribbit


Innate Abilities, Weirdness & Mutations

Your natural rate of healing is accelerated.
You have razor-sharp teeth.
You have supernaturally acute eyesight. (SInv)
You are afflicted with vampirism and can become a bat while bloodless.


Message History

The rat barely misses you.
As you read the scroll labelled BARPHO ZOIPP, it crumbles to dust.
Your body is wracked with pain!
* * * LOW HITPOINT WARNING * * *
The two-headed ogre convulses!
The bat convulses!
It was a scroll of torment.
Your surroundings suddenly seem different.
Found a sling, 4 stones and a long sword.
The hornet buzzes angrily.
The troll shouts!
The hornet misses you.
As you read the scroll of fear, it crumbles to dust.
You assume a fearsome visage.
The troll looks frightened!
The hornet looks frightened!
An electric eel comes into view.
Cornered, the hornet turns to fight!
Casting: Airstrike (dangerous; 1% risk of failure)
Aiming: Shock (safe; 1% risk of failure)
Press: ? - help, Shift-Dir - straight line, f - hornet
Aim: a hornet (60% to hit)
The zap misses the hornet.
Casting: Shock (safe; 1% risk of failure)
Aiming: Shock (safe; 1% risk of failure)
Press: ? - help, Shift-Dir - straight line, f/p - hornet
Aim: a hornet (60% to hit)
The zap misses the hornet.
The hornet stings you!
* * * LOW HITPOINT WARNING * * *
You feel yourself slow down. The hornet attacks as it pursues you!
The hornet closely misses you. The hornet stings you!
* * * LOW HITPOINT WARNING * * *
You feel as though you will be slow longer.
The hornet attacks as it pursues you!
The hornet stings you but does no damage.
The hornet misses you.
Casting: Shock (safe; 1% risk of failure)
Aiming: Airstrike (dangerous; 1% risk of failure)
Press: ? - help, Dir - move target, f/p - hornet
Aim: a hornet (empty space bonus: 2/8)
The air twists around and strikes the hornet but does no damage.
The hornet stings you!
You die...

***## #*##..y#
#####....#.###
#.@...#♣♣..).##
#y##.#~♣P~~#..#
##.##..♣~~~P~.T#
#....~♣♣~~~~~♣,* ##
#...♣♣~~~~~~~♣♣#**#.
###(~~~~~~P~†~~..,#.
#♣♣S~~~~~~♣~~...#.
**♣~♣~~~~♣~~~...T.
*~♣♣~~≈~~~~~~~#.##


You could see a hornet.

Vanquished Creatures
  Maggie (D:6)
  Psyche (D:8)
  A water moccasin (D:5)
  An ice beast (D:6)
  2 ogres
  A centaur (D:7)
  A phantom (D:7)
  A kobold brigand (D:7)
  3 bullfrogs
  An electric eel (D:8)
  A bombardier beetle (D:6)
  3 howler monkeys
  2 jellies
  3 hounds
  2 gnoll boudas
  3 orc priests
  Jessica (D:3)
  4 iguanas
  5 orc wizards
  Robin (D:4)
  10 gnolls
  6 adders
  A white imp (D:7)
  4 ufetubi
  2 ribbon worms (D:1)
  3 dart slugs
  24 orcs
  8 ball pythons
  8 endoplasms
  4 giant cockroaches
  18 goblins
  7 hobgoblins
  5 jackals (D:1)
  8 quokkas
  2 bats
  4 frilled lizards
  15 kobolds
  9 rats
176 creatures vanquished.

Notes
Turn   | Place    | Note
-------+----------+-------------------------------------------
     0 | D:1      | Colgate the Vampire Air Elementalist began the quest for
                  | the Orb.
     0 | D:1      | Reached XP level 1. HP: 13/13 MP: 3/3
     1 | D:1      | Found a runed translucent door.
   365 | D:1      | Reached XP level 2. HP: 19/19 MP: 0/5
   832 | D:1      | Reached skill level 4 in Air Magic
  1198 | D:1      | Gained mutation: You are afflicted with vampirism and can
                  | become a bat while bloodless. [Vampire growth]
  1198 | D:1      | Reached XP level 3. HP: 24/24 MP: 3/6
  2692 | D:2      | Reached XP level 4. HP: 18/30 MP: 3/7
  2742 | D:2      | Learned a level 4 spell: Airstrike
  2765 | D:2      | Reached skill level 5 in Air Magic
  2824 | D:2      | Identified the +1 ring mail of Starshine {Harm rC++ rCorr
                  | Str-4}
  3785 | D:3      | Noticed Jessica
  3786 | D:3      | Killed Jessica
  3826 | D:3      | Found a shimmering blue altar of Sif Muna.
  3832 | D:3      | Became a worshipper of Sif Muna the Loreminder
  3884 | D:3      | Reached XP level 5. HP: 35/35 MP: 3/8
  3888 | D:3      | Learned a level 3 spell: Swiftness
  4692 | D:4      | Reached skill level 6 in Air Magic
  5038 | D:4      | Identified the +1 pair of boots of Utezxing {Dex+6}
  5159 | D:4      | Noticed Robin
  5273 | D:4      | Killed Robin
  5308 | D:3      | Reached * piety under Sif Muna
  5740 | D:4      | Noticed an ogre
  5761 | D:4      | Killed an ogre
  5762 | D:4      | Reached skill level 7 in Air Magic
  5762 | D:4      | Reached XP level 6. HP: 41/41 MP: 4/9
  6887 | D:5      | Entered Level 5 of the Dungeon
  7035 | D:5      | Identified the +0 plate armour "Turuh" {Int+2}
  7356 | D:5      | Reached skill level 8 in Air Magic
  7609 | D:5      | Reached XP level 7. HP: 46/46 MP: 5/10
  8304 | D:4      | Reached skill level 9 in Air Magic
  8744 | D:6      | Found Darrimuc's Desiderata Depot.
  8747 | D:6      | Noticed Maggie
  8818 | D:6      | Killed Maggie
  8819 | D:6      | Reached skill level 10 in Air Magic
  8819 | D:6      | Reached XP level 8. HP: 52/52 MP: 2/11
  9403 | D:6      | Found Zin's Purification Station.
 10082 | D:7      | Reached ** piety under Sif Muna
 10498 | D:7      | Found a staircase to the Ecumenical Temple.
 10509 | Temple   | Entered the Ecumenical Temple
 10515 | D:7      | Reached skill level 1 in Invocations
 11187 | D:7      | Reached XP level 9. HP: 46/57 MP: 2/15
 11447 | D:8      | Noticed a two-headed ogre
 11488 | D:8      | Noticed Psyche
 11490 | D:8      | Killed Psyche
 11565 | D:8      | Noticed Gastronok
 11626 | D:8      | Reached skill level 5 in Invocations
 11635 | D:8      | Noticed Prince Ribbit
 11894 | D:8      | Noticed a troll
 12014 | D:8      | Slain by a hornet

Illustrated notes

Levels and vault maps discovered:
D:1:      dpeg_arrival_caged_fury, layout_loops_ring, st_stairs_4,
          chequers_avenue, minmay_unequal
D:2:      layout_basic, st_stairs_8
D:3:      layout_rooms, mainiacjoe_overflow_alcove_1, uniq_jessica
D:4:      wander_river, layout_layer_cave, uniq_robin
D:5:      cheibrodos_barr_body, layout_rooms, eino_curves_03,
          small_statue_intersection
D:6:      layout_rooms, zin_purify, nicolae_alphabet_shops, uniq_maggie
D:7:      layout_basic, minmay_temple_entry_glass
D:8:      layout_rooms, serial_bayou_lake_a, uniq_gastronok, uniq_psyche,
          uniq_prince_ribbit1
Temple:   hellmonk_temple_of_storms

Skill      XL: |  1  2  3  4  5  6  7  8  9 |
---------------+----------------------------+-----
Air Magic      | 4 5 7 8 10 | 10.5
Spellcasting   | 4 |  4.4
Invocations    | 3 5 |  5.3
Dodging        | |  2.1
Stealth        | |  3.0
Conjurations   | |  0.6

Action                     |  1- 3 |  4- 6 |  7- 9 || total
---------------------------+-------+-------+-------++-------
  Melee: Short sword       |     7 |       |       ||     7
         Flail             |     6 |    12 |       ||    18
         Halberd           |       |    13 |    26 ||    39
         Bite              |       |       |     2 ||     2
         Glaive            |       |       |     1 ||     1
   Fire: Orcbow            |       |       |    22 ||    22
  Throw: Dart              |       |       |     2 ||     2
   Cast: Shock             |   105 |    77 |    22 ||   204
         Airstrike         |       |    38 |    70 ||   108
  Evoke: Wand              |       |       |     4 ||     4
    Use: Scroll            |       |       |    12 ||    12
         Potion            |       |       |     1 ||     1
 Armour: Robe              |    20 |    45 |    40 ||   105
         Steam dragon scal |       |       |    50 ||    50
  Dodge: Dodged            |    44 |    39 |    98 ||   181
